 Dungeon Crawl Stone Soup version 0.31-a0-175-g9f7f995f2b (webtiles) character file.

Game seed: 1257222582613803531

1437 qw the Skirmisher (level 8, -2/76 HPs)
             Began as a Naga Hunter on June 16, 2023.
             Was an Initiate of Okawaru.
             Slain by a gnoll
             ... wielding a +0 whip
             ... led by a gnoll bouda
              (5 damage)
             ... on level 6 of the Dungeon.
             The game lasted 00:01:45 (4987 turns).

qw the Skirmisher (Naga Hunter)                     Turns: 4987, Time: 00:01:46

Health: -2/76      AC:  4    Str: 13    XL:     8   Next: 74%
Magic:  8/8        EV: 10    Int:  9    God:    Okawaru [......]
Gold:   340        SH:  0    Dex: 18    Spells: 7/7 levels left

rFire   . . .        g - +2 shortbow (heavy)
rCold   . . .        (shield currently unavailable)
rNeg    . . .        c - +0 leather armour
rPois   +            (no helmet)
rElec   .            (no cloak)
rCorr   .            (no gloves)
SInv    +            (no barding)
Will    +....        (no amulet)
Stlth   ++           (no ring)
HPRegen 0.32/turn    (no ring)
MPRegen 0.11/turn

%: no passive effects
@: about to teleport, very slow
A: AC +2, large, see invisible, deformed body, poison resistance, slowness 2,
spit poison 1, naga tail 1
a: Spit Poison, Renounce Religion


You were on level 6 of the Dungeon.
You worshipped Okawaru.
Okawaru was noncommittal.
You visited 2 branches of the dungeon, and saw 7 of its levels.

You collected 340 gold pieces.


Innate Abilities, Weirdness & Mutations

Your serpentine skin is tough. (AC +2)
You have supernaturally acute eyesight. (SInv)
Armour fits poorly on your strangely shaped body.
Your system is resistant to poisons. (rPois)
You cover ground very slowly.
You can spit poison.
You have a snake-like lower body.


   Skills:
 - Level 5.6 Fighting
 - Level 9.0 Ranged Weapons
 + Level 2.0 Dodging
 - Level 1.5 Stealth


You had 7 spell levels left.
You didn't know any spells.
Your spell library was empty.

Inventory:

Hand Weapons
 g - a +2 heavy shortbow (weapon)
Armour
 c - a +0 leather armour (worn)
 j - a +0 ring mail of cold resistance
Jewellery
 d - a ring of ice
Wands
 i - a wand of digging (7)
Scrolls
 b - 5 scrolls of identify
 e - a scroll of vulnerability {unknown}
Potions
 a - a potion of heal wounds
 f - 7 potions of curing

Dungeon Overview and Level Annotations

Branches:
Dungeon (6/15)             Temple (1/1) D:5

Altars:
Ashenzari
Cheibriados
Dithmenos
Elyvilon
Fedhas
Gozag
Hepliaklqana
Kikubaaqudgha
Makhleb
Nemelex Xobeh
Okawaru
Qazlal
Ru
Sif Muna
Vehumet
Wu Jian
Xom
Yredelemnul
Zin
The Shining One

Annotations:
D:5 4 runed translucent doors, Crazy Yiuf; qw's ghost, amateur GrHu
D:6 1 transporter


Message History

Press: ? - help, Shift-Dir - straight line, f/p - gnoll bouda The splash of poison hits the gnoll bouda.
The gnoll bouda is poisoned.
The gnoll bouda is almost dead.
The gnoll bouda barely misses you.
You shoot an arrow.
The arrow hits the gnoll bouda but does no damage.
The gnoll bouda is almost dead.
The gnoll bouda prays to its god.
The gnoll bouda is healed somewhat.
You shoot an arrow. The arrow hits the gnoll bouda!
You kill the gnoll bouda!
Okawaru accepts your kill.
You have got your breath back.
The wyvern bites you!
The wyvern bites you but does no damage. x2
Your Ranged Weapons skill increases to level 9!
4983 ||| INVOKING Spit Poison.
Aiming: Spit Poison (1% risk of failure)
Press: ? - help, Shift-Dir - straight line, f - wyvern The splash of poison misses the wyvern.
The gnoll is no longer moving quickly.
The gnoll hits you with a +0 whip. The gnoll hits you with a +0 club.
The wyvern bites you.
You shoot an arrow. The arrow barely misses the wyvern.
The wyvern barely misses you.
The gnoll hits you but does no damage. x2
The wyvern closely misses you. The gnoll completely misses you.
You shoot an arrow. The arrow barely misses the wyvern.
The wyvern bites you! The gnoll hits you with a +0 club.
The wyvern closely misses you. The gnoll closely misses you.
The gnoll misses you.
You shoot an arrow. The arrow closely misses the wyvern.
You have got your breath back.
The wyvern misses you. The gnoll hits you with a +0 whip. The wyvern bites you!
The gnoll hits you with a +0 club. The gnoll barely misses you.
4987 ||| READING scroll of teleportation.
As you read the scroll of teleportation, it crumbles to dust.
You feel strangely unstable. The wyvern bites you. The gnoll barely misses you.
The wyvern bites you! The gnoll hits you with a +0 whip.
You die...

#........<.........
#................#
#................#
#...............##
##..#...........##
##.#.###.........##
#..#..##..........##
#..#..######.......#
#..@l.# ###......
#...gg.# ##.....
##...#.# ###...
#..##)# ##.. ### #.)
### #... # #... ....


You could see a wyvern and 2 gnolls.

Vanquished Creatures
  Grinder (D:3)
  Sigmund (D:5)
  Menkaure (D:5)
  A water moccasin (D:6)
  A sky beast (D:4)
  A black bear (D:5)
  An ogre (D:5)
  A phantom (D:5)
  A scorpion (D:6)
  A hound (D:5)
  A gnoll bouda (D:6)
  A sleepcap (D:5)
  Ijyb (D:3)
  An iguana (D:5)
  2 orc wizards
  11 gnolls
  7 adders
  An ufetubus (D:6)
  2 worms (D:2)
  2 dart slugs
  10 orcs
  9 endoplasms
  5 giant cockroaches
  5 goblins
  5 hobgoblins
  4 jackals (D:1)
  8 kobolds
  3 quokkas
  6 ball pythons
  5 bats
  4 frilled lizards
  6 rats
109 creatures vanquished.

Notes
Turn   | Place    | Note
-------+----------+-------------------------------------------
     0 | D:1      | qw the Naga Hunter began the quest for the Orb.
     0 | D:1      | Reached XP level 1. HP: 19/19 MP: 1/1
     0 | D:1      | 0 ||| qw: Version: 0.2-a-29-g511e9b1
     0 | D:1      | 0 ||| qw: Game counter: 5834
     0 | D:1      | 0 ||| qw: Always use a shield: true
     0 | D:1      | 0 ||| qw: God list: Okawaru
     0 | D:1      | 0 ||| qw: Allow faded altars: false
     0 | D:1      | 0 ||| qw: Do Orc after D:15 true
     0 | D:1      | 0 ||| qw: Do second Lair branch before Depths: true
     0 | D:1      | 0 ||| qw: Lair rune preference: random
     0 | D:1      | 0 ||| qw: Plans: Normal
     0 | D:1      | 0 ||| PLANNING D:1-11
    25 | D:1      | 25 ||| INVOKING Spit Poison.
    32 | D:1      | 32 ||| INVOKING Spit Poison.
    37 | D:1      | 37 ||| INVOKING Spit Poison.
    53 | D:1      | 53 ||| INVOKING Spit Poison.
    59 | D:1      | 59 ||| INVOKING Spit Poison.
   113 | D:1      | 113 ||| INVOKING Spit Poison.
   116 | D:1      | 116 ||| INVOKING Spit Poison.
   118 | D:1      | Reached skill level 4 in Ranged Weapons
   118 | D:1      | Reached XP level 2. HP: 25/26 MP: 2/2
   127 | D:1      | You fall into a shaft and drop 1 floor!
   165 | D:2      | 165 ||| INVOKING Spit Poison.
   166 | D:2      | 166 ||| INVOKING Spit Poison.
   200 | D:2      | 200 ||| INVOKING Spit Poison.
   205 | D:2      | 205 ||| INVOKING Spit Poison.
   209 | D:2      | 209 ||| READING scroll labelled DUKUENECHI.
   212 | D:2      | 212 ||| DROPPING scroll of butterflies.
   225 | D:1      | 225 ||| INVOKING Spit Poison.
   256 | D:1      | 256 ||| INVOKING Spit Poison.
   281 | D:1      | 281 ||| INVOKING Spit Poison.
   286 | D:1      | 286 ||| INVOKING Spit Poison.
   289 | D:1      | 289 ||| INVOKING Spit Poison.
   293 | D:1      | 293 ||| INVOKING Spit Poison.
   294 | D:1      | Reached XP level 3. HP: 16/32 MP: 3/3
   380 | D:1      | 380 ||| INVOKING Spit Poison.
   631 | D:1      | 631 ||| INVOKING Spit Poison.
   637 | D:1      | 637 ||| INVOKING Spit Poison.
   717 | D:1      | 717 ||| READING scroll labelled DOZYOCE FUOF.
   718 | D:1      | 718 ||| READING scroll labelled ANUASAR YWKO GENY.
   719 | D:1      | 719 ||| DRINKING 2 pink potions.
   735 | D:2      | 735 ||| INVOKING Spit Poison.
   737 | D:2      | 737 ||| Stepping ~*~*~tactically~*~*~ (outnumbered).
   738 | D:2      | 738 ||| INVOKING Spit Poison.
   742 | D:2      | 742 ||| INVOKING Spit Poison.
   760 | D:2      | 760 ||| INVOKING Spit Poison.
   785 | D:2      | 785 ||| INVOKING Spit Poison.
   810 | D:2      | 810 ||| INVOKING Spit Poison.
   859 | D:2      | 859 ||| INVOKING Spit Poison.
   878 | D:2      | 878 ||| INVOKING Spit Poison.
   914 | D:2      | 914 ||| INVOKING Spit Poison.
   934 | D:2      | 934 ||| INVOKING Spit Poison.
   957 | D:2      | 957 ||| INVOKING Spit Poison.
   977 | D:2      | 977 ||| INVOKING Spit Poison.
   978 | D:2      | Reached skill level 5 in Ranged Weapons
   978 | D:2      | Reached XP level 4. HP: 39/39 MP: 4/4
  1010 | D:2      | 1010 ||| INVOKING Spit Poison.
  1017 | D:2      | 1017 ||| INVOKING Spit Poison.
  1245 | D:2      | 1245 ||| READING 3 scrolls labelled VEH DIUWEMAU.
  1246 | D:2      | 1246 ||| READING scroll labelled FOSCHOSHR CAID.
  1247 | D:2      | 1247 ||| READING scroll labelled FIGAEB ETUIHACAZI.
  1248 | D:2      | 1248 ||| READING scroll labelled HETAIK PEEL.
  1249 | D:2      | 1249 ||| READING scroll labelled DIH ZYRHACIOMP.
  1250 | D:2      | 1250 ||| DRINKING 2 fuming grey potions.
  1251 | D:2      | 1251 ||| DRINKING 2 puce potions.
  1252 | D:2      | 1252 ||| DROPPING 2 scrolls of blinking.
  1253 | D:2      | 1253 ||| DROPPING potion of enlightenment.
  1254 | D:2      | 1254 ||| DROPPING potion of brilliance.
  1268 | D:3      | 1268 ||| INVOKING Spit Poison.
  1340 | D:3      | 1340 ||| INVOKING Spit Poison.
  1343 | D:3      | 1343 ||| INVOKING Spit Poison.
  1362 | D:3      | 1362 ||| INVOKING Spit Poison.
  1387 | D:3      | Noticed Ijyb
  1388 | D:3      | 1388 ||| INVOKING Spit Poison.
  1394 | D:3      | 1394 ||| INVOKING Spit Poison.
  1394 | D:3      | Killed Ijyb
  1485 | D:3      | 1485 ||| INVOKING Spit Poison.
  1487 | D:3      | Reached skill level 3 in Fighting
  1554 | D:3      | Found a broken altar of Ashenzari.
  1610 | D:3      | 1610 ||| INVOKING Spit Poison.
  1629 | D:3      | Noticed Grinder
  1641 | D:3      | Paralysed by Grinder for 4 turns
  1649 | D:3      | HP: 7/42 [Grinder/nerve-wracking pain (8)]
  1650 | D:3      | 1650 ||| READING 2 scrolls of teleportation.
  1652 | D:3      | Killed Grinder
  1653 | D:3      | Reached skill level 6 in Ranged Weapons
  1653 | D:3      | Reached XP level 5. HP: 10/49 MP: 5/5
  1653 | D:3      | Reached XP level 6. HP: 11/56 MP: 6/6
  1654 | D:3      | 1654 ||| FLEEEEING.
  1656 | D:3      | 1656 ||| STAIRDANCE
  1805 | D:2      | 1805 ||| READING 2 scrolls of identify.
  1805 | D:2      | 1805 ||| IDENTIFYING red potion
  1806 | D:2      | 1806 ||| DROPPING potion of ambrosia.
  1957 | D:3      | 1957 ||| INVOKING Spit Poison.
  1964 | D:3      | 1964 ||| INVOKING Spit Poison.
  2118 | D:3      | 2118 ||| DRINKING 2 metallic orange potions.
  2135 | D:4      | 2135 ||| PLANNING SEWER
  2255 | D:4      | 2255 ||| INVOKING Spit Poison.
  2282 | D:4      | 2282 ||| INVOKING Spit Poison.
  2324 | D:4      | 2324 ||| INVOKING Spit Poison.
  2328 | D:4      | 2328 ||| INVOKING Spit Poison.
  2332 | D:4      | 2332 ||| INVOKING Spit Poison.
  2336 | D:4      | 2336 ||| INVOKING Spit Poison.
  2339 | D:4      | 2339 ||| INVOKING Spit Poison.
  2342 | D:4      | HP: 13/57 [gnoll/+0 club (2)]
  2343 | D:4      | 2343 ||| READING scroll of teleportation.
  2343 | D:4      | HP: 4/57 [gnoll/+0 club (5)]
  2344 | D:4      | 2344 ||| DRINKING potion of heal wounds.
  2511 | D:4      | 2511 ||| INVOKING Spit Poison.
  2517 | D:4      | 2517 ||| INVOKING Spit Poison.
  2559 | D:4      | 2559 ||| INVOKING Spit Poison.
  2580 | D:4      | 2580 ||| INVOKING Spit Poison.
  2588 | D:4      | 2588 ||| INVOKING Spit Poison.
  2613 | D:4      | Noticed a sky beast
  2616 | D:4      | 2616 ||| INVOKING Spit Poison.
  2622 | D:4      | 2622 ||| INVOKING Spit Poison.
  2622 | D:4      | Killed a sky beast
  2623 | D:4      | Reached XP level 7. HP: 50/66 MP: 7/7
  2648 | D:4      | 2648 ||| RIP SEWER
  2674 | D:4      | 2674 ||| PLANNING D:1-11
  2681 | D:4      | 2681 ||| INVOKING Spit Poison.
  2685 | D:4      | 2685 ||| INVOKING Spit Poison.
  2692 | D:4      | 2692 ||| INVOKING Spit Poison.
  2785 | D:4      | 2785 ||| INVOKING Spit Poison.
  2807 | D:4      | 2807 ||| INVOKING Spit Poison.
  2808 | D:4      | 2808 ||| INVOKING Spit Poison.
  2958 | D:4      | 2958 ||| INVOKING Spit Poison.
  3055 | D:4      | 3055 ||| READING scroll labelled ZOUMUY GA VEA.
  3056 | D:4      | 3056 ||| READING scroll labelled GISEIRADID.
  3057 | D:4      | 3057 ||| READING 5 scrolls of identify.
  3057 | D:4      | 3057 ||| IDENTIFYING murky black potion
  3058 | D:4      | 3058 ||| DROPPING potion of berserk rage.
  3089 | D:5      | Entered Level 5 of the Dungeon
  3091 | D:5      | 3091 ||| INVOKING Spit Poison.
  3108 | D:5      | 3108 ||| INVOKING Spit Poison.
  3111 | D:5      | Reached skill level 7 in Ranged Weapons
  3152 | D:5      | 3152 ||| Stepping ~*~*~tactically~*~*~ (outnumbered).
  3155 | D:5      | 3155 ||| INVOKING Spit Poison.
  3159 | D:5      | 3159 ||| INVOKING Spit Poison.
  3162 | D:5      | 3162 ||| INVOKING Spit Poison.
  3193 | D:5      | 3193 ||| INVOKING Spit Poison.
  3196 | D:5      | 3196 ||| INVOKING Spit Poison.
  3203 | D:5      | 3203 ||| INVOKING Spit Poison.
  3270 | D:5      | 3270 ||| INVOKING Spit Poison.
  3274 | D:5      | Reached XP level 8. HP: 69/73 MP: 8/8
  3318 | D:5      | Noticed Menkaure
  3319 | D:5      | 3319 ||| FLEEEEING.
  3321 | D:5      | HP: 9/73 [Menkaure/nerve-wracking pain (12)]
  3322 | D:5      | 3322 ||| DRINKING 2 potions of heal wounds.
  3323 | D:5      | Killed Menkaure
  3324 | D:5      | Reached skill level 8 in Ranged Weapons
  3480 | D:5      | Found a runed translucent gate.
  3482 | D:5      | Found a runed translucent gate.
  3482 | D:5      | Found a runed translucent gate.
  3485 | D:5      | Noticed qw's ghost (amateur GrHu)
  3614 | D:5      | Noticed Sigmund
  3615 | D:5      | 3615 ||| INVOKING Spit Poison.
  3618 | D:5      | 3618 ||| INVOKING Spit Poison.
  3618 | D:5      | Killed Sigmund
  3787 | D:5      | Found a runed translucent door.
  3788 | D:5      | Noticed Crazy Yiuf
  3905 | D:5      | Found a staircase to the Ecumenical Temple.
  3906 | D:5      | 3906 ||| PLANNING TEMPLE
  3911 | Temple   | Entered the Ecumenical Temple
  3931 | Temple   | 3931 ||| PLANNING OKAWARU WORSHIP
  4109 | Temple   | Became a worshipper of Warmaster Okawaru
  4110 | Temple   | 4110 ||| PLANNING D:1-11
  4190 | D:5      | 4190 ||| INVOKING Spit Poison.
  4195 | D:5      | 4195 ||| INVOKING Spit Poison.
  4202 | D:5      | 4202 ||| READING scroll of enchant weapon.
  4202 | D:5      | 4202 ||| ENCHANTING +1 heavy shortbow.
  4354 | D:5      | 4354 ||| READING 3 scrolls labelled OCKUYDGHIFAGHA.
  4467 | D:5      | 4467 ||| DROPPING 2 scrolls of torment.
  4676 | D:6      | 4676 ||| INVOKING Spit Poison.
  4750 | D:6      | 4750 ||| INVOKING Spit Poison.
  4753 | D:6      | 4753 ||| INVOKING Spit Poison.
  4789 | D:6      | 4789 ||| INVOKING Spit Poison.
  4849 | D:6      | Found a transporter.
  4867 | D:6      | 4867 ||| INVOKING Spit Poison.
  4887 | D:6      | 4887 ||| INVOKING Spit Poison.
  4896 | D:6      | 4896 ||| INVOKING Spit Poison.
  4971 | D:6      | 4971 ||| INVOKING Spit Poison.
  4975 | D:6      | 4975 ||| INVOKING Spit Poison.
  4978 | D:6      | Noticed a wyvern
  4980 | D:6      | 4980 ||| INVOKING Spit Poison.
  4983 | D:6      | Reached skill level 9 in Ranged Weapons
  4983 | D:6      | 4983 ||| INVOKING Spit Poison.
  4986 | D:6      | HP: 19/76 [gnoll/+0 club[a gnoll bouda] (6)]
  4987 | D:6      | 4987 ||| READING scroll of teleportation.
  4987 | D:6      | HP: 3/76 [wyvern (10)]
  4987 | D:6      | Slain by a gnoll

Levels and vault maps discovered:
D:1:      psy_arrival_statuary, layout_rooms
D:2:      layout_basic, nicolae_titane
D:3:      layout_basic, nicolae_ashenzari_skybound, uniq_ijyb, uniq_grinder
D:4:      layout_gridville, portal_sewer_entry_e
D:5:      layout_loops_ring, minmay_temple_entry_fiery,
          gammafunk_ghost_necromancy, uniq_menkaure, uniq_sigmund,
          uniq_crazy_yiuf_cottage
D:6:      layout_cave_pods, gammafunk_ghost_gnarly_gnolls
Temple:   nicolae_temple_bog_church

Skill      XL: |  1  2  3  4  5  6  7  8 |
---------------+-------------------------+-----
Ranged Weapons | 4 5 6 7 9 |  9.0
Fighting       | 3 4 5 |  5.6
Dodging        | 2 |  2.0
Stealth        | |  1.5

Action                     |  1- 3 |  4- 6 |  7- 9 || total
---------------------------+-------+-------+-------++-------
   Fire: Shortbow          |    73 |    96 |    90 ||   259
Ability: Spit Poison       |    31 |    26 |    30 ||    87
    Use: Scroll            |     3 |     8 |     6 ||    17
         Potion            |     1 |     4 |     1 ||     6
 Armour: Leather armour    |     8 |     5 |    14 ||    27
  Dodge: Dodged            |    20 |    26 |    32 ||    78

Table legend:
 A = Non-vault XP
 B = Vault XP
 C = Vault XP percentage of total XP
 D = Non-vault monster count
 E = Vault monster count
 F = Vault count percentage of total count
                 A         B        C        D         E       F
            +---------+---------+-------+---------+---------+-------
      Total |    1356 |     697 |  34.0 |     105 |       4 |   3.7
            +---------+---------+-------+---------+---------+-------
        D:1 |      37 |       0 |   0.0 |      21 |       0 |   0.0
        D:2 |      52 |       0 |   0.0 |      20 |       0 |   0.0
        D:3 |      48 |     308 |  86.5 |      14 |       2 |  12.5
        D:4 |     288 |       0 |   0.0 |      25 |       0 |   0.0
        D:5 |     526 |     389 |  42.5 |      12 |       2 |  14.3
        D:6 |     405 |       0 |   0.0 |      13 |       0 |   0.0
            +---------+---------+-------+---------+---------+-------
